 Dungeon Crawl Stone Soup version 0.31-a0-859-g9dce7d3444 (webtiles) character file.

Game seed: 13429417790323838735

2 Kurtz the Sneak (level 1, -1/21 HPs)
             Began as a Naga Delver on Oct 9, 2023.
             Slain by a jelly (3 damage)
             ... on level 4 of the Dungeon.
             The game lasted 00:00:09 (104 turns).

Kurtz the Sneak (Naga Delver)                        Turns: 104, Time: 00:00:10

Health: -1/21      AC:  1    Str: 14    XL:     1   Next: 30%
Magic:  1/1        EV:  9    Int: 10    God:
Gold:   0          SH:  0    Dex: 12    Spells: 0/0 levels left

rFire   . . .        a - +0 hand axe
rCold   . . .        (no shield)
rNeg    . . .        b - +0 leather armour
rPois   +            (no helmet)
rElec   .            (no cloak)
rCorr   .            (no gloves)
SInv    +            (no barding)
Will    .....        (no amulet)
Stlth   +++          (no ring)
HPRegen 0.23/turn    (no ring)
MPRegen 0.07/turn

%: no passive effects
@: short of breath, very slow
A: AC +0, large, see invisible, deformed body, poison resistance, slowness 2,
spit poison 1, naga tail 1
a: Spit Poison


You were on level 4 of the Dungeon.
You visited 1 branch of the dungeon, and saw 2 of its levels.

Inventory:

Hand Weapons
 a - a +0 hand axe (weapon)
Armour
 b - a +0 leather armour (worn)
Wands
 g - a wand of digging (3)
Scrolls
 c - a scroll of fog
 d - a scroll of revelation
 e - a scroll of fear
Potions
 f - a potion of haste


   Skills:
 - Level 3.0 Fighting
 * Level 2.2 Axes
 - Level 1.5 Dodging
 - Level 7.2 Stealth


You couldn't memorise any spells.
You didn't know any spells.
Your spell library was empty.

Dungeon Overview and Level Annotations

Branches:
Dungeon (5/15)
 Temple: D:4-7

Altars:
Okawaru


Innate Abilities, Weirdness & Mutations

Your serpentine skin is tough. (AC +0)
You have supernaturally acute eyesight. (SInv)
Armour fits poorly on your strangely shaped body.
Your system is resistant to poisons. (rPois)
You cover ground very slowly.
You can spit poison.
You have a snake-like lower body.


Message History

You barely miss the orc.
The orc is severely wounded.
The orc hits you with a +0 club.
You hit the orc but do no damage.
The orc is severely wounded.
The orc closely misses you.
You closely miss the orc.
The orc is severely wounded.
The orc hits you with a +0 club.
You are too injured to fight recklessly!
You hit the orc but do no damage.
The orc is severely wounded.
The orc hits you with a +0 club.
* * * LOW HITPOINT WARNING * * *
The orc hits you with a +0 club.
* * * LOW HITPOINT WARNING * * *
You hit the orc.
You kill the orc!
Things that are here:
a +0 club; a +0 leather armour You start resting.
HP restored.
Found a scale mail.
Found an iron altar of Okawaru.
Found a stone staircase leading up.
Found 8 gold pieces.
A jelly comes into view.
Found a book of Debilitation.
Found a stone staircase leading up.
The jelly barely misses you.
There is a stone staircase leading up here.
Aiming: Spit Poison (3% risk of failure)
Press: ? - help, Shift-Dir - straight line, f - jelly
Aim: a jelly (100% to hit)
The splash of poison hits the jelly.
The jelly completely resists.
The jelly hits you.
You are splashed with acid!
Unknown command.
You barely miss the jelly. The jelly hits you.
You are splashed with acid.
* * * LOW HITPOINT WARNING * * *
You barely miss the jelly. The jelly hits you.
You die...

#....... #....##...<.
###...#.#.....$
###.......... #
......... .#.
##.....## ....
#.......# ...:.
###....##......
#......@J......
##..........##..
#####...##......#
#.##..####.........
##..#................
#).........###.......
..........#..[#
.......
######.##.##..#
....... ..#.#.....#
......


You could see a jelly.

Vanquished Creatures
  An orc (D:4)
1 creature vanquished.

Notes
Turn   | Place    | Note
-------+----------+-------------------------------------------
     0 | D:5      | Kurtz the Naga Delver began the quest for the Orb.
     0 | D:5      | Reached XP level 1. HP: 21/21 MP: 1/1
    90 | D:4      | Found an iron altar of Okawaru.
    99 | D:4      | Noticed a jelly
   104 | D:4      | Slain by a jelly

Illustrated notes

Levels and vault maps discovered:
D:4:      minmay_goblin_kobold_castle, layout_cave_pools,
          mainiacjoe_overflow_paths, makhleb_blood_cavern_becter,
          uniq_crazy_yiuf_cottage
D:5:      layout_loops_corners, nicolae_qazlal_general_emergency,
          chequers_serial_rivers_micro_c, nicolae_twisty_statue_hallways

Action                     || total
---------------------------++-------
  Melee: Hand axe          ||     8
Ability: Spit Poison       ||     1
   Stab: Sleeping          ||     1
 Armour: Leather armour    ||     8
  Dodge: Dodged            ||     2

Table legend: (Time is in decaauts)
 A = Elapsed time spent in this place.
 B = Non-inter-level travel time spent in this place.
 C = Inter-level travel time spent in this place.
 D = Time resting spent in this place.
 E = Time spent auto-exploring this place.
 F = Levels seen in this place.
 G = Mean time per level.
                   A        B        C        D        E       F      G
               +--------+--------+--------+--------+--------+-----+--------+
         Total |    113 |    105 |      8 |     74 |      0 |   2 |   56.5 |
       Dungeon |    113 |    105 |      8 |     74 |      0 |   2 |   56.5 |
               +--------+--------+--------+--------+--------+-----+--------+

Top non-repeatable levels by time:
     D:4: 105 daAuts
     D:5: 8 daAuts
